 Dungeon Crawl Stone Soup version 0.30-a0-862-g1aabd4f9c5 (webtiles) character file.

Game seed: 1364823531436910064

10257 qeuew the Protected (level 11, -12/85 HPs)
             Began as a Formicid Fighter on Mar 9, 2023.
             Was an Elder of Makhleb.
             Mangled by a tengu warrior
             ... wielding a +0 great mace
              (24 damage)
             ... on level 11 of the Dungeon.
             The game lasted 00:17:17 (8960 turns).

qeuew the Protected (Formicid Fighter)              Turns: 8960, Time: 00:17:17

Health: -12/85     AC:  7    Str: 29    XL:     11   Next: 89%
Magic:  16/16      EV: 15    Int:  5    God:    Makhleb [****..]
Gold:   86         SH:  7    Dex: 20    Spells: 10/10 levels left

rFire   . . .      SeeInvis +    a - +1 trident (flame)
rCold   . . .      Faith    .    c - +0 buckler
rNeg    + . .      Spirit   .    o - +0 steam dragon scales
rPois   .          Reflect  .    (helmet unavailable)
rElec   +          Rampage  .    (no cloak)
rCorr   .                        (no gloves)
Will    +....                    (no boots)
Stlth   ++                       e - amulet of the Unkillable {RegenMP Regen+ Str+2 Slay+3}
HPRegen 1.14/turn                f - +6 ring of dexterity
MPRegen 0.55/turn                x - ring of Qymej {rElec rN+ Int-2 SInv}

@: invisible
A: permanent stasis, dig shafts and tunnels, antennae 3, four strong arms,
strong 1
a: Dig, Shaft Self, Renounce Religion, Minor Destruction, Lesser Servant of
Makhleb, Major Destruction


You were on level 11 of the Dungeon.
You worshipped Makhleb.
Makhleb was greatly pleased with you.
You visited 2 branches of the dungeon, and saw 12 of its levels.
You also visited: Sewer.

You collected 738 gold pieces.
You spent 652 gold pieces at shops.

Inventory:

Hand Weapons
 a - a +1 trident of flaming (weapon)
Armour
 c - a +0 buckler (worn)
 o - +0 steam dragon scales (worn)
Jewellery
 e - the amulet of the Unkillable (around neck) {RegenMP Regen+ Str+2 Slay+3}
   (You acquired it on level 2 of the Dungeon)

   [amulet of magic regeneration]

   It increases your rate of magic regeneration.
   Str:       It affects your strength (+2).
   Slay:      It affects your accuracy & damage with ranged weapons and melee
   (+3).
   Regen:     It increases your rate of health regeneration.
 f - a +6 ring of dexterity (left hand)
 j - a ring of flight
 s - a ring of resist corrosion
 x - the ring of Qymej (right hand) {rElec rN+ Int-2 SInv}
   (You acquired it on level 10 of the Dungeon)

   [ring of positive energy]

   Int:       It affects your intelligence (-2).
   rElec:     It insulates you from electricity.
   rN:        It protects you from negative energy.
   SInv:      It lets you see invisible.
Wands
 i - a wand of light (14)
 r - a wand of charming (4)
 w - a wand of flame (5)
Scrolls
 b - 3 scrolls of identify
 l - 3 scrolls of amnesia
 n - a scroll of enchant armour
 p - 3 scrolls of fog
 v - 2 scrolls of enchant weapon
 y - a scroll of acquirement
 B - a scroll of butterflies
Potions
 d - a potion of might
 g - a potion of mutation
 h - 4 potions of flight
 k - 2 potions of invisibility
 m - 4 potions of brilliance
 q - 2 potions of heal wounds
 t - 2 potions of curing
 z - a potion of haste {unknown}
 A - a potion of berserk rage {unknown}


   Skills:
 + Level 7.7 Fighting
 * Level 9.5 Polearms
 * Level 10.5 Armour
 + Level 5.6 Dodging
 + Level 9.3 Shields
 + Level 7.0 Invocations


You had 10 spell levels left.
You didn't know any spells.
Your spell library contained the following spells:

 Spells                   Type           Power      Damage    Failure   Level
 Apportation              Tloc           0%         N/A       52%         1
 Foxfire                  Conj/Fire      0%         2x1d4     52%         1
 Magic Dart               Conj           0%         1d3       52%         1
 Call Imp                 Summ           0%         N/A       67%         2
 Kindle Blastsparks       Fire/Tloc/Air  0%         2d10      88%         3
 Mephitic Cloud           Conj/Pois/Air  0%         N/A       88%         3
 Ozocubu's Armour         Ice            0%         N/A       88%         3
 Airstrike                Air            0%         2d(0-16)  99%         4
 Fulminant Prism          Conj/Hex       0%         3d5       99%         4
 Iskenderun's Mystic Bla  Conj/Tloc      0%         2d3       99%         4
 Summon Lightning Spire   Summ/Air       0%         N/A       99%         4
 Alistair's Intoxication  Tmut/Pois      0%         N/A       100%        5
 Fireball                 Conj/Fire      0%         3d3       100%        5
 Lee's Rapid Deconstruct  Erth           0%         3d4*      100%        5
 Lightning Bolt           Conj/Air       0%         1d11      100%        5
 Starburst                Conj/Fire      0%         6d3       100%        6
 Ozocubu's Refrigeration  Ice            0%         4d7       100%        7


Dungeon Overview and Level Annotations

Branches:
Dungeon (11/15)            Temple (1/1) D:4           Sewer (visited)
   Lair: D:8-11         Orc: D:9-12

Altars:
Ashenzari
Cheibriados
Dithmenos
Fedhas
Gozag
Hepliaklqana
Makhleb
Nemelex Xobeh
Okawaru
Qazlal
Ru
Sif Muna
Trog
Uskayaw
Vehumet
Wu Jian
Xom
Yredelemnul
Zin
The Shining One

Shops:
D:1 ?   D:7 ?   D:11 (


Innate Abilities, Weirdness & Mutations

You cannot be hasted, slowed, berserked, paralysed or teleported.
You can dig through walls and to a lower floor.
You have a pair of large antennae on your head. (SInv)
Your four strong arms can wield two-handed weapons with a shield.
Your muscles are strong. (Str +4, Int/Dex -1)


Message History

You completely miss the two-headed ogre.
The two-headed ogre is moderately wounded.
The two-headed ogre completely misses you.
The two-headed ogre hits you with a +0 giant club!
You puncture the two-headed ogre! You burn the two-headed ogre.
The two-headed ogre is severely wounded.
You hit the two-headed ogre. You burn the two-headed ogre.
The two-headed ogre is almost dead.
The two-headed ogre hits you with a +0 giant club!
The two-headed ogre completely misses you.
You puncture the two-headed ogre! You burn the two-headed ogre.
The two-headed ogre is almost dead.
You block the two-headed ogre's attack. The two-headed ogre closely misses you.
You barely miss the two-headed ogre.
The two-headed ogre is almost dead.
You puncture the two-headed ogre! You burn the two-headed ogre.
You kill the two-headed ogre!
Makhleb accepts your kill.
Your Invocations skill increases to level 7!
You hit the tengu warrior but do no damage.
You puncture the tengu warrior! You burn the tengu warrior.
The tengu warrior is lightly wounded.
The tengu warrior hits you with a +0 great mace!
* * * LOW HITPOINT WARNING * * *
The tengu warrior pecks you.
* * * LOW HITPOINT WARNING * * *
The tengu warrior completely misses you.
Throw: throwing net
Press: ? - help, Q - select action, (/) - cycle Shift-Dir - straight line, f - tengu warrior
Aim: a tengu warrior, wielding a +0 great mace and wearing a +0 leather armour (lightly wounded, 48% to hit)
You throw a throwing net.
The throwing net misses the tengu warrior.
The throwing net barely misses the killer bee.
The tengu warrior closely misses you.
The tengu warrior pecks you but does no damage.
The tengu warrior claws you.
* * * LOW HITPOINT WARNING * * *
You fade into invisibility!
The tengu warrior hits you with a +0 great mace!!
You die...

{ ♣.♣ { .(♣ ♣.♣ ♣.. ♣.♣
######♣.♣#####
.....[.C.....♣
♣..♣♣♣♣Q♣..♣♣^♣ ♣@♣ ..♣
♣.♣ ..♣ ♣.♣ ..♣#####
#######.########...####
.................#....##
.......[........†####..#
........##.......# ##.#
........##.#####.# #..
..?.....(..#####)### ###


You could see a tengu warrior (unable to see you) and a cyclops (unable to see
you).

Vanquished Creatures
  Snorg (D:11)
  3 two-headed ogres
  A cyclops (D:11)
  2 kobold demonologists (D:11)
  Sigmund (D:4)
  A wraith (D:10)
  13 yaks
  2 wyverns
  2 steam dragons
  4 vampire mosquitoes
  An acid dragon (D:11)
  A water moccasin (D:7)
  2 orc warriors
  2 sky beasts
  A black bear (D:6)
  3 centaurs
  7 kobold brigands
  A phantom (D:6)
  5 bullfrogs
  5 scorpions
  4 killer bees (D:8)
  6 howler monkeys
  A jelly (D:7)
  8 orc priests
  A gnoll bouda (D:7)
  3 hounds
  10 orc wizards
  4 sleepcaps
  4 iguanas
  Natasha (twice) (D:4)
  Robin (D:3)
  11 gnolls
  10 adders
  4 river rats (Sewer)
  A shadow imp (D:6)
  3 white imps
  2 ufetubi
  5 worms
  3 dart slugs
  42 orcs
  11 ball pythons
  4 endoplasms
  5 giant cockroaches
  13 goblins
  8 hobgoblins
  3 jackals (Sewer)
  6 quokkas
  8 bats
  9 frilled lizards
  43 kobolds
  8 rats
  A butterfly (D:7)
302 creatures vanquished.

Vanquished Creatures (others)
  14 plants
14 creatures vanquished.

Grand Total: 316 creatures vanquished

Notes
Turn   | Place    | Note
-------+----------+-------------------------------------------
     0 | D:1      | qeuew the Formicid Fighter began the quest for the Orb.
     0 | D:1      | Reached XP level 1. HP: 18/18 MP: 1/1
    69 | D:1      | Reached XP level 2. HP: 24/24 MP: 2/2
   164 | D:1      | Found Usitasec's Magic Scroll Shoppe.
   167 | D:1      | Reached XP level 3. HP: 27/29 MP: 3/3
   244 | D:1      | Bought a scroll of identify for 28 gold pieces
   417 | D:1      | Gained mutation: Your muscles are strong. (Str +4, Int/Dex
                  | -1) [potion of mutation]
   417 | D:1      | Gained mutation: Your magical capacity is low. (-10% MP)
                  | [potion of mutation]
   417 | D:1      | Lost mutation: Your magical capacity is low. (-10% MP)
                  | [potion of mutation]
   684 | D:2      | Reached XP level 4. HP: 24/35 MP: 4/4
   845 | D:2      | Reached skill level 1 in Dodging
  1257 | D:2      | Identified a scroll of acquirement
  1257 | D:2      | Acquired the amulet of the Unkillable {RegenMP Regen+ Str+2
                  | Slay+3}
  1527 | D:3      | Reached skill level 4 in Armour
  1527 | D:3      | Reached XP level 5. HP: 31/42 MP: 5/5
  1879 | D:3      | Noticed Robin
  1930 | D:3      | Killed Robin
  2294 | D:4      | Reached XP level 6. HP: 10/48 MP: 6/6
  2365 | D:4      | Found a snail-covered altar of Cheibriados.
  2388 | D:4      | Found a staircase to the Ecumenical Temple.
  2404 | Temple   | Entered the Ecumenical Temple
  2421 | Temple   | Became a worshipper of Makhleb the Destroyer
  2472 | D:4      | Found a hide-covered altar of Uskayaw.
  2597 | D:4      | Found an iron altar of Okawaru.
  2598 | D:4      | Found a basalt altar of Yredelemnul.
  2602 | D:4      | Found a broken altar of Ashenzari.
  2803 | D:4      | Reached skill level 5 in Shields
  2872 | D:4      | Noticed Natasha
  2879 | D:4      | Killed Natasha
  2888 | D:4      | Noticed Natasha
  2900 | D:4      | Killed Natasha
  3016 | D:4      | Reached skill level 5 in Armour
  3016 | D:4      | Reached skill level 1 in Invocations
  3016 | D:4      | Reached XP level 7. HP: 48/54 MP: 7/7
  3024 | D:4      | Noticed Sigmund
  3035 | D:4      | Killed Sigmund
  3271 | D:5      | Entered Level 5 of the Dungeon
  3272 | D:5      | Found a radiant altar of Vehumet.
  3457 | D:5      | Reached * piety under Makhleb
  3472 | D:5      | Reached XP level 8. HP: 59/61 MP: 9/9
  3493 | D:5      | Found a glowing drain.
  3507 | Sewer    | Entered a sewer
  3667 | Sewer    | Reached skill level 5 in Polearms
  4182 | D:5      | Reached ** piety under Makhleb
  4261 | D:5      | Reached skill level 6 in Armour
  4266 | D:5      | Found a hazy altar of Hepliaklqana.
  4266 | D:5      | Found a bloodstained altar of Trog.
  4621 | D:5      | Found a stormy altar of Qazlal.
  4695 | D:6      | HP: 1/61 [orc warrior/+0 mace (9)]
  4701 | D:6      | Reached skill level 5 in Fighting
  4776 | D:6      | Found a shadowy altar of Dithmenos.
  4870 | D:6      | Identified the +7 flail of the Elven Halls {holy, Int+4}
  4917 | D:6      | Reached XP level 9. HP: 40/68 MP: 11/11
  5045 | D:6      | Found an opulent altar of Gozag.
  5154 | D:6      | Found a glowing golden altar of the Shining One.
  5330 | D:6      | Reached skill level 7 in Armour
  5508 | D:7      | Noticed a two-headed ogre
  5598 | D:6      | Killed a two-headed ogre
  5599 | D:6      | Reached skill level 8 in Armour
  5599 | D:6      | Reached XP level 10. HP: 7/76 MP: 13/13
  5694 | D:7      | Found Nakeaz's Magic Scroll Shop.
  5862 | D:7      | Reached skill level 5 in Invocations
  5978 | D:7      | Reached *** piety under Makhleb
  6064 | D:7      | Found a shimmering altar of Xom.
  6382 | D:8      | You are sucked into a shaft and drop 2 floors!
  6382 | D:10     | Entered Level 10 of the Dungeon
  6788 | D:8      | Reached skill level 9 in Armour
  7184 | D:9      | Noticed a two-headed ogre
  7197 | D:9      | Killed a two-headed ogre
  7198 | D:9      | Reached XP level 11. HP: 18/83 MP: 15/15
  7745 | D:10     | Reached **** piety under Makhleb
  7877 | D:10     | Reached skill level 5 in Dodging
  8396 | D:10     | Acquired the ring of Qymej {rElec rN+ Int-2 SInv}
  8500 | D:7      | Bought a scroll of acquirement for 624 gold pieces
  8568 | D:11     | Found Zyiceez's Weapon Shoppe.
  8646 | D:11     | Reached skill level 10 in Armour
  8655 | D:11     | Noticed a soul eater
  8678 | D:11     | Noticed Snorg
  8692 | D:11     | Killed Snorg
  8888 | D:11     | Noticed a cyclops
  8898 | D:11     | Killed a cyclops
  8934 | D:11     | Noticed a cyclops
  8942 | D:11     | Noticed a tengu warrior
  8945 | D:11     | Noticed a two-headed ogre
  8956 | D:11     | Killed a two-headed ogre
  8960 | D:11     | Mangled by a tengu warrior

Illustrated notes

Levels and vault maps discovered:
D:1:      scummos_arrival_hexagon, layout_basic, serial_shops,
          nicolae_square_shop
D:2:      wander_river, layout_basic, minmay_distorted
D:3:      layout_basic, st_stairs_12, nicolae_wormholes, uniq_robin
D:4:      layout_basic, grunt_temple_overflow_open, cheibriados_altar_1,
          mainiacjoe_overflow_24_doors, minmay_temple_entry_statues_fountains,
          uniq_natasha, uniq_sigmund
D:5:      layout_loops_cross, nicolae_overflow_crystal_walls,
          amethyst_overflow_temple_binary, lemuel_coloured_pillars_altar,
          nicolae_ossuary_entry_false_entrances, portal_sewer_entry_f
D:6:      layout_loops_ring, mainiacjoe_overflow_boulevard,
          mainiacjoe_overflow_brackets, mainiacjoe_overflow_paths,
          kennysheep_small_square
D:7:      layout_basic, xom_butterflies, serial_shops, nicolae_shop_waterfront,
          minmay_crossroads
D:8:      layout_cave_pools, minmay_splitting_lines, bh_walls_and_bars
D:9:      layout_basic
D:10:     layout_loops_corners, dreamdust_princess_corridor
D:11:     nzn_winding_woodlands_three_and_one
          [nzn_winding_woodlands_5x15_default,
          nzn_winding_woodlands_5x15_pathside_ponds,
          nzn_winding_woodlands_5x15_pockets,
          nzn_winding_woodlands_center_diamonds], layout_basic,
          lair_entry_dummy, serial_shops, nicolae_shop_bloodbath_and_beyond,
          uniq_snorg
Temple:   dpeg_three_leaves_temple

Skill      XL: |  1  2  3  4  5  6  7  8  9 10 11 |
---------------+----------------------------------+-----
Dodging        | 1 2 3 4 5 |  5.6
Polearms       | 3 4 5 7 8 9 |  9.5
Armour         | 4 5 6 8 9 10 | 10.5
Fighting       | 4 5 6 7 |  7.7
Shields        | 5 6 7 8 9 |  9.3
Invocations    | 1 2 3 4 5 7 |  7.0

Action                     |  1- 3 |  4- 6 |  7- 9 | 10-12 || total
---------------------------+-------+-------+-------+-------++-------
  Melee: Trident           |   101 |   172 |   348 |   422 ||  1043
  Throw: Throwing net      |       |       |       |     3 ||     3
 Invoke: Minor Destruction |       |       |     2 |       ||     2
Ability: Dig               |       |       |     2 |       ||     2
    Use: Scroll            |     3 |     7 |     4 |     6 ||    20
         Potion            |     2 |     1 |     2 |     4 ||     9
   Stab: Held in net/web   |       |       |       |     2 ||     2
         Distracted        |       |       |       |     1 ||     1
 Armour: Scale mail        |    31 |    84 |   118 |    61 ||   294
         Steam dragon scal |       |       |       |    20 ||    20
  Dodge: Dodged            |    34 |    84 |   181 |   203 ||   502
  Block: Buckler           |    18 |    67 |   117 |   125 ||   327

Table legend: (Time is in decaauts)
 A = Elapsed time spent in this place.
 B = Non-inter-level travel time spent in this place.
 C = Inter-level travel time spent in this place.
 D = Time resting spent in this place.
 E = Time spent auto-exploring this place.
 F = Levels seen in this place.
 G = Mean time per level.
                   A        B        C        D        E       F      G
               +--------+--------+--------+--------+--------+-----+--------+
         Total |   9007 |   8549 |    458 |     19 |   6622 |  13 |  692.8 |
       Dungeon |   8495 |   8056 |    439 |     19 |   6284 |  11 |  772.3 |
        Temple |     26 |      8 |     18 |      0 |      2 |   1 |   26.0 |
         Sewer |    485 |    485 |      0 |      0 |    336 |   1 |  485.0 |
               +--------+--------+--------+--------+--------+-----+--------+

Top non-repeatable levels by time:
     D:4: 1026 daAuts
     D:2: 937 daAuts
     D:3: 935 daAuts
     D:6: 926 daAuts
     D:5: 878 daAuts
     D:7: 801 daAuts
    D:10: 782 daAuts
     D:8: 746 daAuts
     D:9: 629 daAuts
   Sewer: 485 daAuts
     D:1: 451 daAuts
    D:11: 379 daAuts
  Temple: 26 daAuts
